[Event "CCT Chessable Masters Playoffs 2025"]
[Site "Online"]
[Date "2025.02.18"]
[Round "2"]
[White "Erigaisi Arjun"]
[Black "Wei, Yi"]
[Result "1-0"]
[Annotator "TA"]
[ECO "C67"]
[WhiteElo "2801"]
[BlackElo "2755"]
[PlyCount "67"]
[EventDate "2025.02.13"]
[EventType "k.o."]
[EventCountry "NET"]
[SourceTitle "playchess.com"]
[Source "ChessBase"]
[SourceQuality "1"]
[TimeControl "600"]

1. e4 e5 2. Nf3 Nc6 3. Bb5 Nf6 4. O-O Nxe4 5. d4 Nd6 6. Ba4 {[%emt 0:00:01] C67: Ruy Lopez: Berlin Defence: 4 0-0 Nxe4.} (6. Bxc6 {feels stronger.} dxc6 7. dxe5) 6... e4 7. Re1 Be7 8. Ne5 {[%emt 0:00:01] The position is equal.} b5 9. Bb3 Na5 $1 10. Bxf7+ $5 $146 {[%emt 0:00:02][%mdl 8] An interesting novelty.} (10. Bd5 c6 11. Bxe4 Nxe4 12. Rxe4 d6 13. Nf3 O-O 14. b3 Bf5 15. Re2 Re8 16. Bf4 {½-½ Caruana,F (2764)-Artemiev,V (2701) Chessable Masters Div 1 Win rapid 2023 (2.2)}) 10... Nxf7 $17 11. Nxf7 Kxf7 12. Qh5+ Kf8 13. Nc3 Qe8 (13... a6 $17 {...Qe8 is the strong threat.} 14. Rxe4 Bb7) 14. Qxb5 $15 {[%emt 0:00:01] A sharp opening} Nc6 (14... Nb7 $1 $15 {keeps the upper hand.}) 15. Rxe4 $16 Rb8 16. Qe2 Qf7 (16... d6 $16) 17. d5 $18 Nd8 (17... Nb4 $16) 18. Bf4 ({Better is} 18. Bd2 $1 $18) 18... Rb4 $16 19. Bxc7 Rxe4 20. Qxe4 d6 21. Re1 {[%emt 0:00:03] Strongly threatening Nb5.} Bf5 {[%emt 0:00:11] [#]} (21... Nb7 $14) 22. Qb4 $1 {[%emt 0:00:19][%csl Od6] White attacks a weakness} Qf6 23. Ne4 {[%emt 0:00:12] White is much more active. The black rooks are passive.} Bxe4 24. Rxe4 g5 25. Re3 (25. Bxd8 $16 Bxd8 26. Re6) 25... Nf7 $1 $11 26. Re6 Qf5 27. c4 Ne5 (27... Qb1+ $11 {remains equal.} 28. Re1 Qxa2) 28. h3 $1 $36 {[%emt 0:00:02][%mdl 2048] White has strong initiative. Chess con chili.} (28. Bxd6 $2 Qb1+) (28. Qb8+ $2 Kg7 29. Rxe7+ Kg6 30. Re6+ (30. Qxh8 $2 Qb1#) 30... Kh5 $19 (30... Kf7 $2 31. Re7+ Kg6 32. Re6+ Kh5 33. h3 $19)) 28... Nd3 $2 (28... Qb1+ 29. Kh2 Qf5 30. c5 $18 (30. Bxd6 Qf4+ 31. Kh1 Qc1+ 32. Kh2 Qf4+ 33. Kh1 Qc1+ 34. Kh2 Qf4+ $11) (30. Qb8+ Kf7 $11)) (28... Nf7 $16) 29. Qb8+ $18 Kf7 {[%emt 0:00:02] [#]} 30. Rxe7+ $1 (30. Qxh8 Qxf2+ 31. Kh2 Qf4+ 32. Kh1 Qf1+ 33. Kh2 Qf4+ 34. Kg1 Qf2+ 35. Kh2 Qf4+ $11) ({Weaker is} 30. Qxa7 Ra8 31. Qe3 (31. Qxa8 Qxf2+ 32. Kh2 Qf4+ 33. g3 Qd2+ 34. Kg1 Qf2+ 35. Kh1 Qf1+ 36. Kh2 Qf2+ 37. Kh1 Qf3+ 38. Kh2 Qf2+ 39. Kh1 $11) 31... Ne5 $16) 30... Kg6 31. Re6+ ({Not} 31. Qxh8 Qxf2+ 32. Kh2 Qf4+ 33. Kh1 Qf1+ 34. Kh2 Qf4+ 35. Kh1 Qf1+ 36. Kh2 Qf4+ $11) 31... Kg7 (31... Qxe6 $142 32. Qxh8 (32. dxe6 Rxb8 33. Bxb8 Nxb2 $18) 32... Qe1+ 33. Kh2 Qe7 34. Qg8+ Kh6 35. Qe6+ Qxe6 36. dxe6 Kg6) 32. Qxa7 {[%emt 0:00:04] White threatens Bd8+ and mate.} Rf8 33. Bxd6+ Rf7 34. Qd4+ {[%emt 0:00:01] Weighted Error Value: White=0.40/Black=0.80  Loses game:     	---       	Black=1      Mistake:       	White=3     	Black=6      Inaccurate:     	---       	Black=1      OK:         	White=7     	Black=7      Best:        	White=5     	Black=4      Strong:       	White=1     	Black=2} 1-0

[Event "CCT Chessable Masters Playoffs 2025"]
[Site "Online"]
[Date "2025.02.18"]
[Round "2"]
[White "Firouzja, Alireza"]
[Black "Caruana, Fabiano"]
[Result "0-1"]
[Annotator "TA"]
[ECO "B90"]
[WhiteElo "2760"]
[BlackElo "2803"]
[PlyCount "88"]
[EventDate "2025.02.13"]
[EventType "k.o."]
[EventCountry "NET"]
[SourceTitle "playchess.com"]
[Source "ChessBase"]
[SourceQuality "1"]
[TimeControl "600"]

1. e4 c5 2. Nf3 d6 3. d4 cxd4 4. Nxd4 Nf6 5. Nc3 a6 6. Be3 (6. h3 e6 7. g4 Be7 8. g5 Nfd7 9. h4 b5 10. a3 Bb7 11. Be3 Nc6 12. f4 h6 13. Rh3 Nc5 14. Qe2 Qc7 15. O-O-O O-O-O 16. b4 Nd7 17. g6 Nxd4 18. Bxd4 fxg6 {1-0 Firouzja,A (2744)-Caruana,F (2796) Chess.com SpeedChess blitz 2024 (2.15)}) 6... e5 7. Nf3 Nc6 {[%emt 0:00:03] B90: Sicilian Najdorf: Unusual White 6th moves, 6 Be3 Ng4 and 6 Be3 e5.} 8. Bc4 Be6 9. Nd5 Rc8 {[%emt 0:00:19] The position is equal.} 10. Nxf6+ gxf6 11. Bxe6 $146 (11. Bb3 Ne7 12. O-O Bxb3 13. axb3 d5 14. exd5 Qxd5 15. Qe2 Nf5 16. Rfd1 Qc6 17. c4 {1-0 Nakamura,H (2760)-Firouzja,A (2793) Candidates Tournament 2022 (10)}) 11... fxe6 12. c4 f5 13. exf5 exf5 14. Qd5 Qd7 {[%emt 0:00:03] Prevents Qe6+} 15. b3 Ne7 16. Qd1 f4 17. Bd2 Bg7 (17... Rg8 $15) 18. Rc1 Bf6 19. Qe2 O-O 20. O-O Qf5 21. Bc3 (21. Rfe1 $14) 21... Rfd8 (21... e4 $11 22. Nd2 Bxc3 23. Rxc3 d5) 22. Nd2 Ng6 (22... d5 $11) 23. Ne4 Be7 24. f3 Nh4 25. Rcd1 b5 26. Be1 $36 {[%emt 0:00:04][%mdl 2048] White is in control.} (26. cxb5 d5 27. Ba5 (27. bxa6 $2 dxe4 28. Rxd8+ Bxd8 $19) 27... dxe4 28. Bxd8 exf3 (28... Bxd8 29. fxe4 Qg5 30. bxa6 $14) 29. gxf3 Bxd8 $17) 26... Ng6 27. Bf2 (27. cxb5 $6 d5 $16) (27. Ba5 $16 Rd7 28. Rd5 (28. cxb5 d5 $16)) 27... bxc4 $14 28. bxc4 Qe6 29. Rd5 Rc6 30. Rfd1 {[%emt 0:00:01] c5 would now be deadly. White has strong rooks and is better} Rdc8 {[%emt 0:00:01][%cal Og6h8] [#]} 31. Qd3 (31. h4 $1 $16) 31... Rxc4 (31... Nh8 $14) 32. Nxd6 $18 Rc3 (32... e4 $18 33. Nxe4 (33. Qxc4 $2 Rxc4 34. Nxc4 e3 $17) 33... Rc2) 33. Qf5 (33. Qxa6 $6 R3c6 34. Qa3 Rd8 $14) ({White should try} 33. Nxc8 $16 Rxd3 34. Nxe7+ Nxe7 35. R5xd3) 33... Qxf5 $11 34. Nxf5 Bf8 35. Rd7 Rc2 36. h4 h5 37. Nd6 R8c6 38. Ne4 Be7 39. Ra7 Rxa2 40. Rdd7 Rc1+ 41. Kh2 Raa1 $1 42. g4 $2 {[%emt 0:00:07][%mdl 8192] [#]} (42. Rxe7 $2 Rh1#) (42. g3 $11 {and White is okay.} fxg3+ 43. Nxg3 (43. Bxg3 Ra2+ 44. Bf2 Kf8 $15)) 42... fxg3+ $2 (42... Bxh4 $2 {perishes.} 43. Ra8+ (43. gxh5 Nf8 $18) 43... Nf8 44. Bxh4 Ra2+ 45. Bf2 Rxf2+ 46. Nxf2 $18) (42... Rh1+ $1 $19 43. Kg2 Nxh4+ 44. Bxh4 Rag1+ 45. Kf2 Bxh4+ 46. Ke2 Rg2+ (46... hxg4 47. Ra8+) 47. Kd3 Rd1+ (47... hxg4 48. Ra8+) 48. Kc4 Rxd7 49. Rxd7 hxg4 50. fxg4 f3 (50... Rxg4 51. Rd5 $19)) 43. Kxg3 $2 (43. Nxg3 $11 Rc2 44. Ne4) 43... Bxh4+ 44. Kg2 Nf4+ {[%emt 0:00:03] Quite a comeback for Black.   Weighted Error Value: White=0.49/Black=0.29 (precise)   Loses game:     	White=2     	---        Missed win:     	---       	Black=1      Mistake:       	White=4     	Black=6      Inaccurate:     	White=5     	Black=4      OK:         	White=12    	Black=14     Best:        	White=3     	Black=2      Strong:       	---       	Black=1} 0-1

[Event "CCT Chessable Masters Playoffs 2025"]
[Site "Online"]
[Date "2025.02.18"]
[Round "2"]
[White "Firouzja, Alireza"]
[Black "Caruana, Fabiano"]
[Result "1-0"]
[Annotator "ChessBase"]
[ECO "B31"]
[WhiteElo "2760"]
[BlackElo "2803"]
[PlyCount "105"]
[EventDate "2025.02.13"]
[EventType "k.o."]
[EventCountry "NET"]
[SourceTitle "playchess.com"]
[Source "ChessBase"]
[SourceQuality "1"]
[TimeControl "600"]

1. e4 c5 2. Nf3 Nc6 3. Bb5 g6 4. O-O Bg7 5. c3 e5 6. d4 cxd4 7. cxd4 exd4 8. Bf4 a6 9. Qa4 Nge7 10. Bd6 b6 11. Qa3 Bb7 12. Bc4 Nc8 13. Bd5 Nxd6 14. Qxd6 Rc8 15. Nbd2 Qc7 16. Qa3 b5 17. Ng5 Rf8 18. Rac1 Qe5 19. f4 Qe7 20. Qh3 h6 21. Ngf3 Kd8 22. e5 f6 23. exf6 Qxf6 24. Ne4 Qf5 25. Qh4+ Kc7 26. Bxc6 Bxc6 27. Qe7 Qe6 28. Qxg7 Qxe4 29. Qxd4 Qxd4+ 30. Nxd4 Kb6 31. g3 Bd5 32. b3 a5 33. Rcd1 Bb7 34. Rfe1 Rf6 35. Rd2 Rd6 36. Kf2 Rc5 37. Red1 g5 38. Ne2 Rxd2 39. Rxd2 Bc6 40. Nd4 gxf4 41. gxf4 a4 42. Kg3 a3 43. f5 Bd5 44. f6 Bf7 45. Kf4 Rd5 46. Ke4 Rd6 47. Rf2 b4 48. Ke5 Rd5+ 49. Ke4 Rd6 50. Nc2 Bg6+ 51. Ke3 Bxc2 52. f7 Bxb3 53. f8=Q 1-0

[Event "CCT Chessable Masters Playoffs 2025"]
[Site "Online"]
[Date "2025.02.18"]
[Round "2"]
[White "Wei, Yi"]
[Black "Erigaisi Arjun"]
[Result "0-1"]
[Annotator "TA"]
[ECO "A13"]
[WhiteElo "2755"]
[BlackElo "2801"]
[PlyCount "228"]
[EventDate "2025.02.13"]
[EventType "k.o."]
[EventCountry "NET"]
[SourceTitle "playchess.com"]
[Source "ChessBase"]
[SourceQuality "1"]
[TimeControl "600"]

1. Nf3 Nf6 2. c4 e6 3. b3 d5 4. Bb2 Bd6 5. g3 c5 6. cxd5 {[%emt 0:00:04] A13: English Opening: 1...e6.} exd5 7. d4 cxd4 8. Bg2 Bb4+ 9. Nbd2 Bc3 10. Qc1 Bxb2 11. Qxb2 d3 12. exd3 $146 (12. e3 Nc6 13. O-O O-O 14. b4 Qb6 15. Rab1 Bf5 16. Rfc1 Rfe8 17. Bf1 Rac8 18. b5 {½-½ Dzagnidze,N (2519)-Ding,Y (2419) CHN-chT China 2018 (13.2)}) 12... Qe7+ 13. Ne5 Nfd7 (13... Ng4 $5 14. O-O Nxe5 $11 (14... Qxe5 $2 15. Rae1 $18)) 14. O-O $1 Nxe5 15. Rae1 Nbc6 16. d4 O-O 17. dxe5 Rd8 18. a3 Bf5 19. f4 a5 20. Rc1 Rac8 21. Rfd1 h6 22. h3 Na7 23. g4 Bh7 (23... Rxc1 $11 24. Rxc1 Be6) 24. f5 {[%emt 0:00:12][%csl Oh7] White has a king side majority. Black has a bad bishop} (24. b4 $14) 24... Rxc1 $11 25. Rxc1 Nc6 26. Re1 Qc5+ 27. Kh1 Qf2 28. Qc1 h5 29. Nf3 (29. gxh5 Qxf5 (29... Bxf5 30. Rf1 $16) 30. h6 gxh6 (30... Nxe5 $2 31. Qc7 $18)) 29... hxg4 30. hxg4 d4 31. Qg5 {[%emt 0:00:18] Strongly threatening Qh5.} (31. Qd2 {simplifies} Qxd2 32. Nxd2 g6 33. f6) 31... d3 32. f6 Bg6 33. Rd1 {[%emt 0:00:18] [#]} (33. Rf1 $11 {was the only way to keep the balance.} Qe2 34. fxg7 (34. Re1 $2 Qxe1+ 35. Nxe1 d2 $19) 34... Kxg7 (34... d2 $2 35. Qh6 $18) 35. Nh4) 33... d2 {[%emt 0:00:29] Black plays in the center Black is much more active.} 34. fxg7 (34. Nxd2 $2 Rd4 35. Bf3 Qg3 (35... Rxd2 $2 36. Rxd2 Qxf3+ 37. Kh2 $19) 36. fxg7 Kxg7 (36... Nxe5 37. Qh6 $17) 37. Qf6+ Kh7 $19) 34... Qe2 {[%emt 0:00:06] [#]} (34... Kxg7 $11 35. Qf6+ Kf8) 35. Qh6 $1 Bh7 {[%emt 0:00:05] [#] Really sharp!} (35... Qxd1+ $5 36. Kh2 Bh7 $11 (36... Qxb3 37. Qh8#)) 36. Ng5 $1 Qe1+ 37. Bf1 $1 Be4+ (37... Qxd1 38. Qxh7#) 38. Nxe4 Qxe4+ (38... Qxd1 39. Qh8#) 39. Bg2 $132 {[%emt 0:00:20][%csl Gg7][%cal Rh6h8][%mdl 2048] White is fighting back} Qe1+ (39... Qxg4 40. Qh8#) 40. Bf1 Qe4+ (40... Qxd1 41. Qh8#) 41. Bg2 Qh7 {[%emt 0:00:03] Successful Defense Black} ({And not} 41... Qxg4 42. Qh8#) (41... Qe1+ 42. Bf1 Qe4+ (42... Qxd1 43. Qh8#)) 42. Qxh7+ Kxh7 43. Bxc6 {[%emt 0:00:04] The position is equal.} bxc6 {[%emt 0:00:00][%mdl 4096] Endgame KR-KR. White is a pawn up.} 44. Kg2 (44. Kg1 a4 45. bxa4 c5 46. Kf2) 44... Kxg7 {[%emt 0:00:02][%cal Oa5a4] Threatens to win with ...a4!.} (44... a4 {seems wilder.} 45. bxa4 c5 46. Kf2 c4) 45. Kf3 Rd3+ 46. Ke4 Rxb3 47. Rxd2 Rxa3 48. Rd7 Ra1 49. Kf5 Rf1+ 50. Kg5 Re1 51. Kf5 c5 52. Ra7 c4 53. Rxa5 c3 {[%emt 0:00:00] ( -> ...c2)} 54. Rc5 Rf1+ 55. Kg5 Rf3 56. Rc8 Kh7 57. Kh5 Re3 58. g5 Kg7 59. Kg4 Kg6 (59... Rxe5 60. Rxc3 Re4+ 61. Kf5 $17) 60. Rg8+ Kh7 61. Rc8 Kg7 62. Kf4 Rh3 63. Kg4 Rd3 64. Kf5 Kh7 65. Ke4 Rh3 66. Kf4 Kg6 67. Rg8+ Kh7 68. Rc8 Kg7 69. Kf5 Rg3 70. Kf4 Rd3 71. Ke4 Rh3 72. Kf5 Rh1 73. Rxc3 Rf1+ 74. Kg4 Re1 75. Rc5 Re4+ 76. Kf5 Re1 77. Rc7 Kf8 78. g6 Rf1+ 79. Ke4 fxg6 80. e6 Ke8 81. Rf7 Rxf7 82. exf7+ Kxf7 {[%emt 0:00:00] KP-K. Black is a pawn up.} 83. Kf4 Kf6 84. Kg4 Kf7 85. Kg5 Kg7 86. Kg4 Kh7 (86... Kf6 $5) 87. Kg5 Kg7 88. Kg4 Kf6 89. Kf4 g5+ 90. Kg4 Kg6 91. Kg3 Kh7 (91... Kf5 $5) 92. Kg4 Kh6 93. Kg3 Kh5 94. Kh3 Kh6 95. Kg3 Kg6 (95... Kh5 $5) 96. Kg4 Kf6 97. Kg3 Kf5 98. Kf3 Ke5 99. Kg4 Kf6 100. Kg3 Kf5 101. Kf3 g4+ 102. Kg3 Kg5 103. Kg2 Kg6 (103... Kf4 $5) 104. Kg3 Kh5 105. Kg2 Kg5 (105... Kh4 $5) 106. Kg3 Kf5 107. Kg2 Kf4 108. Kf2 g3+ 109. Kg2 Kg4 110. Kg1 Kh5 (110... Kh3 $5 111. Kh1 $8 Kh4 $11) 111. Kf1 Kh4 {[%emt 0:00:00][%cal Bh5h4,Bh4g4,Bg4f3,Bf3f4][%mdl 32] ( -> ...Kh3)} 112. Kg2 Kg4 113. Kg1 Kf3 {[%emt 0:00:01] ( -> ...g2)} (113... Kh3 $5 114. Kh1 $8 Kh4 $11) 114. Kh1 Kf4 {[%emt 0:00:00][%mdl 32768] Weighted Error Value: White=0.11 (very precise) /Black=0.11 (very precise)  Sensor Board Error (Ke4/e5)?  Mistake:       	White=3     	Black=3      Inaccurate:     	White=1     	Black=2      OK:         	White=31    	Black=42     Best:        	White=14    	Black=5      Strong:       	White=2     	---} 0-1

[Event "CCT Chessable Masters Playoffs 2025"]
[Site "Online"]
[Date "2025.02.18"]
[Round "2"]
[White "Nepomniachtchi, Ian"]
[Black "Nakamura, Hikaru"]
[Result "0-1"]
[Annotator "TA"]
[ECO "C54"]
[WhiteElo "2754"]
[BlackElo "2802"]
[PlyCount "118"]
[EventDate "2025.02.13"]
[EventType "k.o."]
[EventCountry "NET"]
[SourceTitle "playchess.com"]
[Source "ChessBase"]
[SourceQuality "1"]
[TimeControl "600"]

1. e4 e5 2. Nf3 Nc6 3. Bc4 Nf6 4. d3 h6 5. c3 Bc5 6. b4 Be7 {[%emt 0:00:01] C54: Giuoco Piano: 4 c3 Nf6, main lines with 5 d4 and 5 d3.} 7. a4 {[%emt 0:00:06] Recently 7.Qb3 got a lot of attention.} O-O 8. O-O d6 {[%emt 0:00:10][%cal Bd7d6,Bd6d5][%mdl 32] The position is equal.} 9. a5 Be6 10. Bxe6 fxe6 11. Qb3 $146 (11. b5 Nb8 12. Re1 Qe8 13. d4 exd4 14. Nxd4 Qf7 15. f3 Nbd7 16. c4 Nh5 17. Nc3 {0-1 Golubev,M (2461)-Atanejhad,S (2019) Titled Tuesday intern op 14th May Late blitz 2024 (7)}) 11... Qd7 12. h3 (12. b5 $14 Nb8 13. d4) 12... b6 13. Be3 d5 14. Nbd2 (14. Qa4 $14) 14... Bd6 (14... d4 $1 $11 15. cxd4 exd4) 15. axb6 axb6 16. b5 Na5 17. Qb1 Rae8 18. Re1 Qf7 19. Ra4 Qh5 20. Nf1 Nd7 21. Ng3 Qf7 22. Re2 Kh8 23. Qa2 Qg8 24. Nh2 Nb7 25. Ra7 Ra8 26. Rxa8 Rxa8 27. Qb1 Ra3 28. Ra2 (28. Ng4 $11 {keeps the balance.}) 28... Rxc3 $17 29. Nf3 d4 30. Bc1 (30. Bd2 $17 Rc5 (30... Ra3 31. Rxa3 Bxa3 32. Nf1 $17) 31. Kh2) 30... Ndc5 $19 31. Ne1 Rb3 32. Rb2 Rxb2 33. Qxb2 Na5 34. Bd2 Nab3 35. Bb4 Qe8 36. Bxc5 Nxc5 37. h4 {[%emt 0:00:07] White is weak on the dark squares} (37. Ne2 $142) 37... Qa8 38. Kh2 (38. Nf1 {was called for.}) 38... Be7 39. Nf3 (39. h5 $142) 39... Bf6 40. Nh5 Qe8 (40... Nxd3 41. Qd2 Nf4 (41... Qxe4 42. Nxf6 gxf6 43. Qxh6+ Kg8 44. Qxf6 $11) 42. Nxf4 exf4 43. e5 $11) 41. g4 Qg6 ({Don't play} 41... Nxd3 42. Qd2 Nc5 (42... Qxb5 43. Nxf6 Nf4 44. Nh5 $11) (42... Nf4 43. Nxf4 exf4 44. Qxf4 $15) 43. Nxf6) 42. Kg3 {[%emt 0:00:15] [#]} (42. Nxf6 {was the only defense.} gxf6 (42... Qxf6 43. Qe2 $17) 43. Qd2) 42... Nxd3 43. Qe2 Nc5 44. Nd2 Be7 45. Qf3 Kg8 46. Qe2 Qf7 {[%emt 0:00:01] [#]} 47. Kh3 Bd6 48. Nc4 d3 49. Qe3 g6 50. Ng3 Qf4 51. Qe1 Nb3 {[%emt 0:00:05] ...Bc5 would now be deadly.} 52. Qd1 Nc5 53. Qe1 Kg7 54. h5 g5 55. Kg2 Qxg4 56. Qa1 (56. f3 $142 Qf4 57. Nf1) 56... Qf4 57. Qa8 {[%emt 0:00:01] Prevents Nxe4} d2 58. Qa1 Nxe4 59. Nxd6 Qxf2+ {[%emt 0:00:01] Weighted Error Value: White=0.52/Black=0.28 (precise)   Mistake:       	White=9     	Black=1      Inaccurate:     	White=7     	Black=4      OK:         	White=15    	Black=19     Best:        	White=2     	Black=3} 0-1

[Event "CCT Chessable Masters Playoffs 2025"]
[Site "Online"]
[Date "2025.02.18"]
[Round "2"]
[White "Yu, Yangyi"]
[Black "Carlsen, Magnus"]
[Result "0-1"]
[Annotator "TA"]
[ECO "B31"]
[WhiteElo "2715"]
[BlackElo "2833"]
[PlyCount "144"]
[EventDate "2025.02.13"]
[EventType "k.o."]
[EventCountry "NET"]
[SourceTitle "playchess.com"]
[Source "ChessBase"]
[SourceQuality "1"]
[TimeControl "600"]

1. e4 c5 2. Nf3 Nc6 3. Bb5 g6 4. Bxc6 dxc6 5. d3 Qc7 6. O-O {[%emt 0:00:13] B31: Sicilian: 2...Nc6 3 Bb5 g6.} e5 7. a4 a5 8. Na3 {[%emt 0:00:05] White is slightly better.} Bg7 9. Nc4 Be6 10. b3 Nf6 $146 (10... Ne7 11. Ng5 Bxc4 12. bxc4 O-O 13. Rb1 h6 14. Nf3 f5 15. exf5 gxf5 16. Nh4 Kh7 {1-0 Paravyan,D (2601)-Adhiban,B (2589) PRO League KO Stage rapid 2023 (1.4)}) 11. Bb2 (11. Nfxe5 b5 12. Bf4 (12. axb5 cxb5 13. Bf4 Nh5 $17) 12... Nh5 (12... bxc4 13. Nxg6 Qa7 14. Nxh8 $11) 13. Nxc6 Nxf4 14. axb5 Bd7 $19) 11... Nd7 12. Ng5 Bxc4 13. bxc4 h6 14. Nh3 O-O 15. Rb1 Rae8 16. Bc3 b6 17. Rb3 f5 (17... Kh7 $14) 18. exf5 $16 gxf5 19. Qh5 Qd6 20. Re1 Re7 21. Rbb1 Nf6 22. Qg6 (22. Qxf5 $2 Nd5 $19) 22... Re6 {[%emt 0:00:12] White must now prevent ...Ng4.} 23. Qg3 (23. Rxb6 $2 Nd7 24. Qg3 Rg6 $19 (24... Nxb6 $2 25. Nf4 $19)) (23. Qxf5 Nd5 24. cxd5 Rxf5 $17) 23... Nh5 (23... f4 $16 24. Qh4 Nd7) 24. Qh4 $18 e4 25. Bxg7 (25. Qxh5 Bxc3 26. Re3 Bd4) 25... Nxg7 26. Nf4 (26. Rxb6 $2 exd3 27. Rf1 (27. Rxe6 $2 dxc2 28. Re1 Qd1 $19) 27... dxc2 $19) 26... Re5 (26... Ree8 27. Red1 (27. Rxb6 $2 exd3 28. Nxd3 Rxe1+ 29. Nxe1 Qd1 $19) 27... Kh7 28. dxe4 (28. Rxb6 exd3 29. cxd3 Rb8 $18) 28... Qc7) 27. Qg3 (27. Rxb6 $2 exd3 28. Nxd3 Rxe1+ (28... Qxd3 $2 29. Rf1 $19) 29. Nxe1 Qd1 $19) (27. Red1 $18) 27... exd3 $16 28. cxd3 Rxe1+ 29. Rxe1 Kf7 {[%emt 0:00:00] Against Re6} 30. Qf3 Re8 31. Rb1 Rb8 32. g3 Rb7 33. Re1 Re7 (33... Rd7 $16 {is a better defense.} 34. Kg2 Kf8) 34. Rb1 (34. Rxe7+ $18 Kxe7 35. Qe2+ Kf7 36. Qb2) 34... Rb7 35. Qe2 {[%emt 0:00:06] White attacks} Re7 36. Qd1 Rb7 37. Qf3 Qf6 (37... Kf8 $16 38. Kg2 Qf6) 38. Nd5 $2 ({White should play} 38. d4 $1 $18 cxd4 39. c5) 38... Qd8 (38... Qd4 $14 39. Nf4 (39. Nxb6 Qd6 $16) (39. Rxb6 Rxb6 40. Nxb6 Qd6 $16) 39... Qd6) 39. Ne3 (39. Nc3 $1 $16 Qd7 40. Re1) 39... Qxd3 $11 40. Rd1 Qe4 41. Qxe4 fxe4 {[%emt 0:00:00][%mdl 4096] Endgame KRN-KRN. Black is a pawn up.} 42. Rd6 b5 $1 43. cxb5 (43. Rxh6 $2 bxa4 44. Rxc6 a3 45. Rxc5 a2 $19) 43... cxb5 44. axb5 Rxb5 45. Rxh6 Ne6 $1 46. Nc4 {[%emt 0:00:04] Strongly threatening Nd6+.} Rb4 47. Nxa5 c4 48. Rh7+ Kf6 {[%emt 0:00:02][%mdl 1024] Black has compensation.} (48... Kg6 $5 49. Rh8 c3 $11) 49. Rh6+ Kf7 $1 50. Rh7+ $1 Kg6 51. Re7 (51. Rh8 $15 c3 52. Rc8) 51... Kf6 $1 $19 52. Re8 c3 53. Rc8 Nd4 $1 54. Kg2 c2 55. Rc3 e3 56. fxe3 Rb2 57. Kf1 {[%emt 0:00:09] [#]} Ne2 58. Rc6+ Kf5 59. Nb3 {[%emt 0:00:01][%cal Oc6c4] [#]} Ke4 $1 60. Nd2+ $2 {[%emt 0:00:04] [#]} (60. g4 $19 Kxe3 (60... Rxb3 61. Kxe2 Rxe3+ 62. Kf2 $11) (60... Kd3 61. g5 $17) 61. g5) 60... Kd3 $1 (60... Kxe3 $2 {loses.} 61. Nc4+ Kd4 62. Nxb2 $18) 61. Rd6+ Kxe3 62. Nc4+ Ke4 (62... Kf3 $142 63. Nd2+ Kg4 64. Rg6+ Kf5) 63. Nd2+ Kf5 64. Rc6 c1=Q+ 65. Rxc1 Nxc1 66. Nc4 Rxh2 67. Ne3+ Ke5 $2 (67... Ke4 {mates} 68. Ng4 Rc2 69. Ke1 Re2+ 70. Kd1 Kf3 71. Kxc1 Kxg4 72. Kd1 Rh2 73. Ke1 Kxg3 74. Kf1 Kf3 75. Ke1 Ke3 76. Kd1 Rg2 77. Kc1 Kd3 78. Kb1 Kc3 79. Ka1 Kb3 80. Kb1 Rg1#) 68. Kg1 $2 (68. Ng4+ $11 Ke6 69. Nxh2) 68... Ra2 {[%emt 0:00:01] Black mates.} 69. Ng4+ Ke4 70. Nf6+ Kf3 71. Nd5 Ne2+ 72. Kf1 Ra1# {[%emt 0:00:01] Quite a comeback for Black.   Weighted Error Value: White=0.46/Black=0.17 (very precise)   Loses game:     	White=1     	---        Missed win:     	White=1     	---        Mistake:       	White=4     	Black=6      Inaccurate:     	White=4     	Black=2      OK:         	White=22    	Black=15     Best:        	White=2     	Black=6      Strong:       	White=1     	Black=6      Brilliant:      	---       	Black=1} 0-1